 Dungeon Crawl Stone Soup version 0.29.1-15-g9cfb28693d (console) character file.

Game seed: 10979675907669272004

105 Goreval the Sneak (level 4, 36/36 HPs)
             Began as a Naga Enchanter on Feb 23, 2023.
             Was a Follower of Qazlal.
             Got out of the dungeon alive.
             The game lasted 00:07:35 (3393 turns).

Goreval the Sneak (Naga Enchanter)                  Turns: 3393, Time: 00:07:36

Health: 36/36      AC:  2    Str: 11    XL:     4   Next: 81%
Magic:  7/7        EV:  9    Int: 17    God:    Qazlal [*.....]
Gold:   175        SH:  1    Dex: 11    Spells: 3/8 levels left

rFire   . . .      SeeInvis +   a - +1 dagger
rCold   . . .      Faith    .   (no shield)
rNeg    . . .      Spirit   .   b - +0 robe
rPois   +          Reflect  .   (no helmet)
rElec   .          Harm     .   (no cloak)
rCorr   .          Rampage  .   (no gloves)
Will    .....                   (no barding)
Stlth   +++.......              (no amulet)
HPRegen 0.12/turn               (no ring)
MPRegen 0.10/turn               (no ring)

@: very slow
A: AC +1, large, see invisible, deformed body, poison resistance, slowness 2,
spit poison 1, naga tail 1
a: Spit Poison, Renounce Religion


You escaped.
You worshipped Qazlal.
Qazlal was aware of your devotion.
You visited 1 branch of the dungeon, and saw 3 of its levels.

You collected 175 gold pieces.

Inventory:

Hand Weapons
 a - a +1 dagger (weapon)
 l - the +6 sling of Arbitration {flame, Will- rCorr Str+4}
   (You found it on level 2 of the Dungeon)

   Any ammunition fired from it burns those it strikes, dealing additional fire
   damage.
   Str:       It affects your strength (+4).
   rCorr:     It protects you from acid and corrosion.
   Will:      It decreases your willpower.
Armour
 b - a +0 robe (worn)
Scrolls
 h - a scroll of noise {unknown}
 m - a scroll of immolation {unknown}
 n - a scroll of fog {unknown}
 o - a scroll of teleportation
 p - a scroll of enchant weapon {unknown}
Potions
 c - 4 potions of invisibility
 d - a potion of resistance
 f - a potion of brilliance
 i - a potion of curing


   Skills:
 * Level 2.6 Short Blades
 - Level 1.5 Dodging
 + Level 5.2 Stealth
 + Level 2.5 Spellcasting
 * Level 3.9 Hexes


You had 3 spell levels left.
You knew the following spells:

 Your Spells              Type           Power      Damage    Failure   Level
a - Ensorcelled Hibernat  Hex/Ice        16%        N/A       12%         2
b - Confusing Touch       Hex            15%        N/A       11%         3

Your spell library contained the following spells:

 Spells                   Type           Power      Damage    Failure   Level
 Tukima's Dance           Hex            15%        N/A       11%         3
 Dazzling Flash           Conj/Hex       16%        N/A       24%         3


Dungeon Overview and Level Annotations

Branches:
Dungeon (3/15) Zot: 13950

Altars:
Ashenzari
Qazlal


Innate Abilities, Weirdness & Mutations

Your serpentine skin is tough. (AC +1)
You have supernaturally acute eyesight. (SInv)
Armour fits poorly on your strangely shaped body.
Your system is resistant to poisons. (rPois)
You cover ground very slowly.
You can spit poison.
You have a snake-like lower body.


Message History

You are now surrounded by a storm.
There is an open door here.
There is an open door here.
There is a stone staircase leading up here.
There is a stone staircase leading up here.
There is a stone staircase leading up here.
You climb upwards.
There is a stone staircase leading down here.
There is a staircase leading out of the dungeon here.
Why would you want to do that? Why would you want to do that?
You enter the shallow water.
Moving in this stuff is going to be slow.
Why would you want to do that?
It was a potion of resistance.
You feel protected.
It was a potion of lignification.
You turn into a tree.
Your +0 robe melds into your body.
Your roots penetrate the ground.
It was a potion of brilliance.
You feel clever all of a sudden.
Okay, then.
You start waiting.
Your transformation is almost over.
You feel less wooden.
Your +0 robe unmelds from your body.
It was a potion of magic.
Magic courses through your body.
It was a potion of heal wounds.
You feel much better.
It was a potion of cancellation.
Your magical effects are unravelling.
You feel magically purged.
You feel a little less clever now.
Your resistance to elements expires.
Okay, then.
There is a staircase leading out of the dungeon here.
Are you sure you want to leave the Dungeon?
This will make you lose the game!
Alright, then stay!
Are you sure you want to leave the Dungeon?
This will make you lose the game!
Alright, then stay!
Are you sure you want to leave the Dungeon?
This will make you lose the game!
You have escaped!

###############
#.~≈~≈≈≈≈≈≈≈≈≈~
#...~≈≈≈≈≈≈≈≈≈≈_
##...~≈≈≈≈≈≈≈≈≈~≈
#...~~~≈≈≈≈≈≈≈≈≈#
#....~≈≈≈≈≈≈≈≈≈≈#
#....≈~≈≈≈≈≈≈≈≈≈#
#.....≈≈≈≈≈≈≈≈≈≈#
#..##.≈≈≈≈≈≈≈≈≈≈#
#..@#..~≈≈≈≈≈≈≈≈#
#.......~≈≈≈≈≈≈≈#
#.........~≈~≈~≈#
##..#..........≈#
#.....########### #.....#
#.....# ###### #.....#
#....# #.....# ## ##....#
#.#.### .### #.....# #.#.#
...##### ##(...(# ###.#.#
##.....#######......#
##...#.#
#####.....[...#.####
##..###.# ##....#####.# ###
#..## #.# ##.##..####.# #.#
#.## #.# ###..###...##)# #.#
#.# #.# ###...##
###..#.#####.# ####.# ##.#
##...### ##.........###....#
#..# ...###
###.####......#### ##.##
....############.####...####
#..#
)......>..............#.#
#.##
....############.####.#.###
#.# ....########## #.#
#..#...# ##.#
....)).......###.###.##.#.#
#..#
....########..............#
#.##


There were no monsters in sight!

Vanquished Creatures
  5 adders (D:2)
  2 worms (D:2)
  A dart slug (D:2)
  2 ball pythons (D:1)
  5 endoplasms
  3 giant cockroaches (D:1)
  3 goblins
  3 hobgoblins (D:1)
  2 jackals (D:1)
  2 quokkas (D:2)
  2 bats (D:1)
  7 frilled lizards
  8 kobolds
  8 rats
53 creatures vanquished.

Notes
Turn   | Place    | Note
-------+----------+-------------------------------------------
     0 | D:1      | Goreval the Naga Enchanter began the quest for the Orb.
     0 | D:1      | Reached XP level 1. HP: 15/15 MP: 3/3
   611 | D:1      | Reached XP level 2. HP: 16/22 MP: 5/5
   614 | D:1      | Learned a level 2 spell: Ensorcelled Hibernation
  1399 | D:1      | Reached XP level 3. HP: 28/28 MP: 1/6
  1589 | D:1      | Found a broken altar of Ashenzari.
  2200 | D:2      | You fall into a shaft and drop 1 floor!
  2305 | D:2      | Identified the +6 sling of Arbitration {flame, Will- rCorr
                  | Str+4}
  2483 | D:2      | Reached XP level 4. HP: 36/36 MP: 3/7
  2545 | D:2      | Reached skill level 5 in Stealth
  2549 | D:2      | Learned a level 3 spell: Confusing Touch
  3032 | D:2      | Found a faded altar of an unknown god.
  3254 | D:2      | Prayed at the altar of an unknown god.
  3254 | D:2      | Became a worshipper of Qazlal Stormbringer
  3254 | D:2      | Reached * piety under Qazlal
  3393 | D:$      | Got out of the dungeon alive.

Illustrated notes

Levels and vault maps discovered:
D:1:      dpeg_arrival_water_altar, layout_rooms
D:2:      wad_lake_hut, layout_basic, hellmonk_ecumenical_altar_inner_sanctum,
          minmay_domino_4
D:3:      layout_rooms, elyvilon_altar_3

Skill      XL: |  1  2  3  4 |
---------------+-------------+-----
Short Blades   | 2 |  2.6
Stealth        | 5 |  5.2
Dodging        | |  1.5
Spellcasting   | |  2.5
Hexes          | |  3.9

Action                   |  1- 3 |  4- 6 || total
-------------------------+-------+-------++-------
Melee: Dagger            |    86 |    29 ||   115
       Punch             |       |     1 ||     1
 Cast: Ensorcelled Hiber |    23 |     8 ||    31
 Abil: Spit Poison       |    11 |     2 ||    13
  Use: Scroll            |     2 |       ||     2
       Potion            |     1 |     6 ||     7
 Stab: Sleeping          |    26 |     7 ||    33
Armor: Robe              |    13 |     2 ||    15
Dodge: Dodged            |    41 |    21 ||    62
